Map: At Eternity's Edge LE

Players

Changeling - Winner!

  • Race: Zerg Zerg
  • League: Master

VOD

Have the link to the VOD?

Description

Time

  • Played on: Aug. 1, 2026, 12:07 a.m.
  • Length: 7:58
Show
View Real Time Build Order
Export as new Build Order

Changeling Zerg - Winner!

Build Orders: Hatch First 

Get SALT Encoding   

  8  0:01  Drone  
  8  0:13  Drone  
  8  0:17  Drone  
  8  0:22  Drone  
  8  0:28  Extractor  
  8  0:30  Drone  
  8  0:39  Overlord  
  8  0:59  Drone x2  
  8  1:12  Hatchery  
  8  1:16  Drone  
  8  1:20  Drone  
  8  1:23  Drone  
  8  1:37  Spawning Pool  
  8  1:44  Drone x2  
  8  1:47  Extractor  
  8  1:55  Drone  
  8  2:08  Drone  
  8  2:12  Overlord  
  8  2:24  Queen x2  
  8  2:27  Zergling x2  
  8  2:31  Zergling x2  
  8  2:34  Drone  
  8  2:41  Drone  
  8  2:43  Drone  
  8  2:49  Drone  
  8  2:52  Overlord  
  8  3:03  Drone  
  8  3:04  Drone  
  8  3:05  Metabolic Boost  
  8  3:10  Drone  
  8  3:14  Drone x2  
  8  3:26  Hatchery  
  8  3:30  Overlord  
  8  3:34  Drone  
  8  3:35  Drone  
  8  3:37  Drone  
  8  3:43  Drone x3  
  8  3:49  Evolution Chamber  
  8  3:52  Lair  
  8  3:55  Drone  
  8  3:58  Drone  
  8  3:59  Drone  
  8  4:05  Roach Warren  
  8  4:08  Drone x2  
  8  4:12  Overlord  
  8  4:16  Drone x2  
  8  4:23  Drone x3  
  8  4:24  Drone  
  8  4:26  Extractor  
  8  4:28  Extractor, Zerg Missile Weapons Level 1  
  8  4:33  Queen  
  8  4:38  Drone x3  
  8  4:43  Drone x3  
  8  4:47  Drone x2  
  8  4:51  Drone x2  
  8  4:53  Overlord  
  8  4:56  Glial Reconstitution  
  8  5:01  Overlord  
  8  5:03  Drone x2  
  8  5:10  Overlord  
  8  5:11  Drone x2  
  8  5:12  Drone  
  8  5:16  Drone x2, Extractor  
  8  5:17  Drone  
  8  5:18  Drone  
  8  5:21  Drone x2, Extractor  
  8  5:27  Drone  
  8  5:32  Drone x2  
  8  5:36  Hatchery  
  8  5:41  Drone x4  
  8  5:47  Drone x3, Extractor  
  8  5:48  Overlord x3  
  8  5:50  Overlord  
  8  5:55  Roach x2  
  8  5:59  Roach  
  8  6:02  Overlord  
  8  6:05  Roach  
  8  6:06  Overlord  
  8  6:14  Roach  
  8  6:15  Roach x3, Ravager x2  
  8  6:18  Roach x2  
  8  6:21  Overlord  
  8  6:23  Roach x4  
  8  6:24  Roach  
  8  6:25  Ravager  
  8  6:31  Drone  
  8  6:34  Overlord, Roach x2  
  8  6:37  Ravager  
  8  6:38  Ravager  
  8  6:40  Roach x2  
  8  6:44  Roach  
  8  6:48  Roach x2, Overlord  
  8  6:50  Queen  
  8  6:52  Ravager  
  8  6:53  Ravager  
  8  6:58  Roach x2  
  8  6:59  Roach x3  
  8  7:01  Roach  
  8  7:04  Roach x2  
  8  7:06  Overlord  
  8  7:09  Overlord x2  
  8  7:12  Ravager x2  
  8  7:17  Roach x4  
  8  7:23  Roach x2  
  8  7:24  Overlord x2  
  8  7:31  Roach x4  
  8  7:35  Roach x3  
  8  7:45  Ravager  
  8  7:46  Ravager x2  
Tags
 
Add a new tag
Caveats
  • Supply blocks, unpowered buildings, or Contaminate may cause inaccurate times.
  • Supply counts are checked every 10 seconds.